 Dungeon Crawl Stone Soup version 0.26-a0-835-g8259106e14 (webtiles) character file.

Game seed: 3657055762733522078

35 pablito the Charlatan (level 3, -1/21 HPs)
             Began as a Kobold Artificer on Nov 17, 2020.
             Slain by a worm (8 damage)
             ... on level 1 of the Dungeon.
             The game lasted 00:12:23 (2662 turns).

pablito the Charlatan (Kobold Artificer)            Turns: 2662, Time: 00:12:23

Health: -1/21      AC:  3    Str:  9    XL:     3   Next: 55%
Magic:  3/3        EV: 15    Int: 12    God:
Gold:   34         SH:  0    Dex: 16    Spells: 2/2 levels left

rFire    . . .     SeeInvis .   g - +0 dagger
rCold    . . .     Faith    .   (shield restricted)
rNeg     . . .     Spirit   .   b - +0 leather armour
rPois    .         Reflect  .   (no helmet)
rElec    .         Harm     .   (no cloak)
rCorr    .         Rampage  .   (no gloves)
MR       .....                  (no boots)
Stlth    +++.......             (no amulet)
HPRegen  0.07/turn              (no ring)
MPRegen  0.08/turn              (no ring)

@: no status effects
A: small, nightstalker 3
a: no special abilities


You were on level 1 of the Dungeon.
You visited 1 branch of the dungeon, and saw 2 of its levels.

You collected 34 gold pieces.

Inventory:

Hand Weapons
 a - a +0 club
 g - a +0 dagger (weapon)
 h - a +0 short sword
 l - a +0 dagger
Armour
 b - a +0 leather armour (worn)
Wands
 c - a wand of flame (11)
 d - a wand of enslavement (15)
 e - a wand of random effects (12)
Scrolls
 f - a scroll of teleportation {unknown}
 i - a scroll of fog {unknown}
 j - a scroll of remove curse {unknown}
Potions
 k - 2 potions of might {unknown}


   Skills:
 + Level 1.8 Fighting
 + Level 1.1 Short Blades
 - Level 0.7 Armour
 + Level 2.9 Dodging
 + Level 2.4 Stealth
 + Level 4.0 Evocations


You had 2 spell levels left.
You didn't know any spells.
Your spell library was empty.

Dungeon Overview and Level Annotations

Branches:
Dungeon (2/15)

Altars:


Innate Abilities, Weirdness & Mutations

You are small and have problems with some larger weapons.
You are completely attuned to the shadows.


Message History

The worm closely misses you.
You hit the worm.
The worm is severely wounded.
You barely miss the worm.
The worm is severely wounded.
The worm barely misses you.
You hit the worm but do no damage.
The worm is heavily wounded.
The worm bites you.
You hit the worm.
The worm is severely wounded.
You hit the worm.
The worm is severely wounded.
The worm bites you.
You hit the worm.
The worm is almost dead.
You barely miss the worm.
The worm is almost dead.
The worm bites you!
You die...

#########.# #.# #. #.#
#.# #. #.# #.# #. #.#
#># #. #.#
#.#########. #.#
###........... #.#
#.............
#.#######.############
#....@w...#
###########


You could see a worm (misshapen).

Vanquished Creatures
  2 dart slugs (D:1)
  2 leopard geckos (D:1)
  3 goblins (D:1)
  4 hobgoblins (D:1)
  4 jackals (D:1)
  4 kobolds (D:1)
  6 bats (D:1)
  A frilled lizard (D:1)
  3 rats (D:1)
29 creatures vanquished.

Notes
Turn   | Place    | Note
-------+----------+-------------------------------------------
     0 | D:1      | pablito the Kobold Artificer began the quest for the Orb.
     0 | D:1      | Reached XP level 1. HP: 12/12 MP: 1/1
   354 | D:1      | Reached XP level 2. HP: 11/16 MP: 2/2
  1055 | D:1      | Reached XP level 3. HP: 13/21 MP: 3/3
  1243 | D:1      | Reached skill level 4 in Evocations
  1555 | D:1      | Reached skill level 1 in Short Blades
  2662 | D:1      | Slain by a worm

Illustrated notes

Levels and vault maps discovered:
D:1:      lemuel_arrival_lava_pool, layout_loops_ring
D:2:      layout_basic, serial_bayou, serial_bayou_ford_a, serial_bayou_pond_d,
          serial_bayou_shore_b, serial_bayou_pond_d

Skill      XL: |  1  2  3 |
---------------+----------+-----
Stealth        | 2 |  2.4
Evocations     | 4 |  4.0
Short Blades   | 1 |  1.1
Fighting       | |  1.8
Armour         | |  0.7
Dodging        | |  2.9

Action                   || total
-------------------------++-------
Melee: Club              ||    22
       Dagger            ||   170
Evoke: Wand              ||     7
 Stab: Sleeping          ||     8
Armor: Leather armour    ||    35
Dodge: Dodged            ||   155

Table legend: (Time is in decaauts)
 A = Elapsed time spent in this place.
 B = Non-inter-level travel time spent in this place.
 C = Inter-level travel time spent in this place.
 D = Time resting spent in this place.
 E = Time spent auto-exploring this place.
 F = Levels seen in this place.
 G = Mean time per level.
                   A        B        C        D        E       F      G
               +--------+--------+--------+--------+--------+-----+--------+
         Total |   2666 |   2653 |     13 |    949 |   1121 |   2 | 1333.0 |
       Dungeon |   2666 |   2653 |     13 |    949 |   1121 |   2 | 1333.0 |
               +--------+--------+--------+--------+--------+-----+--------+

Top non-repeatable levels by time:
     D:1: 2595 daAuts
     D:2: 71 daAuts
